 Dungeon Crawl Stone Soup version 0.23-a0-644-gb60d84b (webtiles) character file.

93 Borgoz the Skirmisher (level 4, 0/40 HPs)
             Began as a Ghoul Abyssal Knight on Jan 1, 2019.
             Was a Believer of Lugonu.
             Slain by a scorpion (7 damage)
             ... on level 3 of the Dungeon.
             The game lasted 00:03:43 (2025 turns).

Borgoz the Skirmisher (Ghoul Abyssal Knight)        Turns: 2025, Time: 00:03:43

Health: 0/40       AC:  7    Str: 15    XL:     4   Next: 62%
Magic:  4/4        EV: 11    Int:  7    God:    Lugonu [**....]
Gold:   122        SH:  0    Dex:  9    Spells: 3/3 levels left

rFire    + . .     SeeInvis .   a - +1 hand axe
rCold    + + .     Gourm    .   (no shield)
rNeg     + + +     Faith    .   f - +0 ring mail
rPois    ∞         Spirit   .   (no helmet)
rElec    +         Reflect  .   (no cloak)
rCorr    +         Harm     .   i - +1 pair of gloves
MR       .....                  (no boots)
Stlth    ..........             (no amulet)
HPRegen  0.00/turn              (no ring)
MPRegen  0.09/turn              (no ring)

@: resistant, rotting, hasted, very quick
A: rotting body, claws 1, carnivore, cold resistance 1, negative energy
resistance 3, inhibited regeneration, torment resistance, unbreathing
a: Depart the Abyss, Bend Space, Renounce Religion


You were on level 3 of the Dungeon.
You worshipped Lugonu.
Lugonu was pleased with you.
You were not hungry.

You visited 1 branch of the dungeon, and saw 3 of its levels.
You visited the Abyss 1 time.

You collected 122 gold pieces.

Inventory:

Hand Weapons
 a - a +1 hand axe (weapon)
Armour
 f - a +0 ring mail (worn)
 i - a +1 pair of gloves (worn)
Scrolls
 d - a scroll of enchant weapon {unknown}
 g - 4 scrolls of remove curse {unknown}
 h - 3 scrolls of identify {unknown}
 k - a scroll of fog {unknown}
 m - 4 scrolls of blinking {unknown}
 n - a scroll of random uselessness {unknown}
Potions
 j - a potion of resistance
 l - a potion of haste
 o - a potion of magic {unknown}
 p - a potion of ambrosia {unknown}
Comestibles
 b - 6 chunks of flesh
 c - 8 rations


   Skills:
 + Level 4.0 Fighting
 + Level 2.7 Axes
 + Level 2.4 Armour
 + Level 1.7 Dodging
 + Level 2.1 Invocations


You had 3 spell levels left.
You didn't know any spells.
Your spell library was empty.

Dungeon Overview and Level Annotations

Branches:
Dungeon (3/15)

Altars:
Wu Jian


Innate Abilities, Weirdness & Mutations

Your body is rotting away.
You thrive on raw meat.
You are immune to poison.
You have sharp fingernails.
You are carnivorous and can eat meat at any time.
Your flesh is cold resistant. (rC+)
You are immune to negative energy. (rN+++)
You do not regenerate when monsters are visible.
You are immune to unholy pain and torment.
You can survive without breathing.


Message History

The scorpion barely misses you.
You closely miss the scorpion.
The scorpion is heavily wounded.
You hit the scorpion but do no damage.
The scorpion is heavily wounded.
The scorpion barely misses you.
You hit the scorpion.
The scorpion is severely wounded.
The scorpion stings you.
* * * LOW HITPOINT WARNING * * *
You hit the scorpion but do no damage.
The scorpion is severely wounded.
The scorpion misses you.
You hit the scorpion but do no damage.
The scorpion is severely wounded.
Okay, then.
You hit the scorpion.
The scorpion is almost dead.
The scorpion stings you!
You die...

... ... #. #.# ##.#
.##.. ... ...... ..##
#..... #.. ...... #.#
#####.
.#.#####.##############.
.....ls@................
.#.#####$#######..#####÷
..................
###.#######..#.###.
#..........#.#.....
#..........#...###.
#..........#...# #.
###+####.......# #.
#.....#.# ..


You could see a scorpion and a frilled lizard.

Vanquished Creatures
  A worker ant (D:3)
  2 adders (D:2)
  3 worms (D:2)
  3 leopard geckos
  An orc (D:3)
  3 goblins
  4 hobgoblins
  6 jackals (D:3)
  5 kobolds
  3 bats (D:1)
  2 frilled lizards (D:2)
  10 rats
43 creatures vanquished.

Notes
Turn   | Place    | Note
-------+----------+-------------------------------------------
     0 | Abyss:1  | Borgoz the Ghoul Abyssal Knight began the quest for the
                  | Orb.
     0 | Abyss:1  | Reached XP level 1. HP: 19/19 MP: 1/1
    69 | Abyss:1  | Noticed a chaos spawn
    79 | Abyss:1  | Noticed a sixfirhy
    80 | Abyss:1  | Noticed a large abomination
    89 | Abyss:1  | Noticed an ancient zyme
    91 | Abyss:1  | Noticed a smoke demon
    92 | D:1      | Escaped the Abyss
   446 | D:1      | Reached * piety under Lugonu
   446 | D:1      | Reached XP level 2. HP: 15/26 MP: 2/2
  1019 | D:2      | Reached skill level 1 in Dodging
  1019 | D:2      | Reached XP level 3. HP: 29/33 MP: 3/3
  1177 | D:2      | Found an ornate altar of the Wu Jian Council.
  1306 | D:2      | Found a faded altar of an unknown god.
  1569 | D:2      | Reached XP level 4. HP: 37/40 MP: 4/4
  1982 | D:3      | Reached ** piety under Lugonu
  2000 | D:3      | Reached skill level 4 in Fighting
  2025 | D:3      | Slain by a scorpion

Vault maps used:
D:1:      psy_arrival_statuary, minmay_misc_feat_four_crosses,
          minmay_strange_pillars
D:2:      marbit_many_paths, chequers_ecumenical_altar_simple, nrook_campfire

Skill      XL: |  1  2  3  4 |
---------------+-------------+-----
Armour         | 2 |  2.4
Axes           | 2 |  2.7
Dodging        | 1 |  1.7
Fighting       | 4 |  4.0
Invocations    | |  2.1

Action                   |  1- 3 |  4- 6 || total
-------------------------+-------+-------++-------
Melee: Hand axe          |   112 |    60 ||   172
Invok: Depart the Abyss  |     1 |       ||     1
  Use: Potion            |       |     5 ||     5
  Eat: Chunk             |     9 |     5 ||    14
Armor: Leather armour    |    24 |       ||    24
       Ring mail         |       |    25 ||    25
Dodge: Dodged            |    72 |    35 ||   107

Table legend:
 A = Non-vault XP
 B = Vault XP
 C = Vault XP percentage of total XP
 D = Non-vault monster count
 E = Vault monster count
 F = Vault count percentage of total count
                 A         B        C        D         E       F
            +---------+---------+-------+---------+---------+-------
      Total |     132 |       2 |   1.5 |      42 |       1 |   2.3
            +---------+---------+-------+---------+---------+-------
        D:1 |      27 |       0 |   0.0 |      19 |       0 |   0.0
        D:2 |      55 |       2 |   3.5 |      13 |       1 |   7.1
        D:3 |      50 |       0 |   0.0 |      10 |       0 |   0.0
            +---------+---------+-------+---------+---------+-------
